Map: Emerald City LE

Players

Zergkiller - Winner!

  • Race: Zerg Zerg
  • League: Platinum
  • Spawn Location: 5:00

Ferdia - Winner!

  • Race: Protoss Protoss
  • League: Diamond
  • Spawn Location: 5:00

Massa

  • Race: Terran Terran
  • League: Platinum
  • Spawn Location: 11:00

qqq

  • Race: Zerg Zerg
  • Spawn Location: 11:00

VOD

Have the link to the VOD?

Description

Time

  • Played on: Oct. 11, 2020, 3:10 p.m.
  • Length: 12:38
Show
View Real Time Build Order
Export as new Build Order

Zergkiller Zerg - Winner!

Build Orders: Hatch First 

Get SALT Encoding   

  12  0:06  Drone  
  13  0:17  Overlord  
  13  0:18  Drone  
  14  0:36  Drone x2  
  14  0:39  Drone  
  17  0:57  Hatchery  
  17  1:00  Drone  
  17  1:14  Spawning Pool  
  17  1:16  Drone  
  17  1:19  Extractor  
  17  1:20  Drone  
  17  1:27  Drone  
  18  1:37  Drone  
  19  1:54  Drone  
  19  1:59  Overlord  
  20  2:06  Hatchery  
  19  2:14  Drone, Queen  
  22  2:28  Queen  
  24  2:33  Drone x2  
  26  2:40  Drone x3  
  29  2:52  Roach Warren  
  29  2:56  Drone x2  
  30  2:59  Drone  
  31  3:18  Drone x2  
  33  3:23  Lair  
  33  3:37  Overlord  
  33  3:42  Drone x3  
  33  3:43  Queen  
  33  3:44  Roach x2  
  33  3:45  Overlord  
  33  3:46  Overlord  
  42  3:54  Evolution Chamber  
  41  3:57  Drone x2, Spore Crawler  
  41  3:59  Roach  
  44  4:08  Roach x3  
  50  4:19  Drone x2  
  50  4:22  Extractor  
  51  4:24  Drone x2  
  51  4:28  Zerg Missile Weapons Level 1, Glial Reconstitution  
  51  4:29  Extractor  
  52  4:31  Overlord  
  52  4:32  Overlord  
  52  4:42  Roach  
  54  4:55  Roach  
  54  4:56  Roach  
  44  5:27  Roach x2  
  44  5:28  Roach x3  
  39  5:37  Drone  
  40  5:44  Roach x3  
  46  6:13  Roach x2  
  46  6:14  Roach x4  
  58  6:19  Drone x3  
  58  6:24  Drone x3  
  58  6:25  Drone x3  
  67  6:33  Extractor  
  67  6:35  Spore Crawler  
  67  6:38  Drone x3  
  68  6:40  Zerg Ground Armor Level 1  
  68  6:57  Drone, Overlord  
  68  6:59  Roach x3  
  75  7:02  Drone  
  76  7:08  Overlord  
  76  7:09  Overlord  
  76  7:49  Drone x3  
  76  7:50  Drone x2  
  81  7:51  Drone  
  81  7:52  Overlord  
  81  7:54  Roach x5  
  81  7:56  Roach x2  
  96  9:05  Zerg Ground Armor Level 2  
  96  9:11  Hydralisk Den  
  95  9:23  Overlord  
  95  9:24  Overlord x2  
  95  9:27  Hatchery  
  72  10:07  Roach x6  
  72  10:08  Hydralisk, Roach x8  
  72  10:09  Roach x2  
  82  10:46  Hydralisk x2  
  82  10:47  Hydralisk x4, Spore Crawler  
  91  10:50  Grooved Spines, Spore Crawler  
  90  10:58  Drone x2  
  90  10:59  Queen  
  94  11:05  Burrow  
  94  11:07  Tunneling Claws  
  94  11:10  Spore Crawler  
  93  11:16  Spore Crawler  
  86  11:57  Hydralisk x3  
  86  11:58  Hydralisk x7  
  86  11:59  Hydralisk x2  
  86  12:00  Roach x3  
Show
View Real Time Build Order
Export as new Build Order

Ferdia Protoss - Winner!

Build Orders: 1 Gate Expand, Dark Templar Rush 

Get SALT Encoding   

  12  0:05  Probe  
  13  0:14  Pylon  
  13  0:18  Probe  
  14  0:30  Probe (Chrono Boost)  
  15  0:37  Gateway  
  15  0:42  Probe (Chrono Boost)  
  16  0:51  Probe (Chrono Boost), Assimilator  
  16  0:56  Probe (Chrono Boost)  
  18  1:09  Probe (Chrono Boost)  
  19  1:15  Probe (Chrono Boost)  
  20  1:28  Cybernetics Core  
  20  1:42  Nexus  
  20  1:43  Probe  
  21  1:51  Pylon  
  21  1:57  Probe  
  21  2:00  Assimilator  
  22  2:08  Stalker (Chrono Boost)  
  22  2:09  Probe  
  25  2:21  Probe  
  26  2:29  Robotics Facility  
  26  2:33  Probe  
  27  2:44  Warp Gate  
  27  2:45  Probe  
  28  2:52  Twilight Council  
  28  2:57  Probe (Chrono Boost)  
  29  3:01  Shield Battery  
  29  3:06  Stalker  
  29  3:08  Probe (Chrono Boost)  
  29  3:10  Probe (Chrono Boost)  
  33  3:18  Probe (Chrono Boost)  
  33  3:19  Probe (Chrono Boost)  
  35  3:23  Probe (Chrono Boost)  
  35  3:24  Probe  
  37  3:37  Dark Shrine  
  37  3:44  Shield Battery  
  37  3:52  Gateway x2  
  37  3:54  Gateway  
  37  3:57  Probe  
  37  3:58  Probe  
  37  4:01  Assimilator  
  39  4:07  Warp Prism (Chrono Boost)  
  39  4:15  Pylon  
  41  4:20  Probe (Chrono Boost)  
  41  4:22  Probe (Chrono Boost)  
  41  4:24  Charge  
  43  4:28  Pylon  
  43  4:32  Probe (Chrono Boost)  
  43  4:38  Probe (Chrono Boost)  
  45  4:39  Robotics Bay  
  45  4:41  Probe (Chrono Boost)  
  45  4:43  Assimilator  
  45  4:44  Probe  
  47  5:05  Dark Templar x3  
  53  5:08  Probe x2  
  55  5:20  Probe  
  56  5:24  Extended Thermal Lance (Chrono Boost)  
  56  5:37  Gateway  
  56  5:42  Gateway x2  
  56  5:45  Gateway  
  56  5:48  Gateway  
  56  5:53  Stalker  
  56  5:54  Stalker x2  
  56  6:06  Colossus (Chrono Boost)  
  62  6:27  Pylon  
  62  6:31  Pylon  
  62  6:36  Pylon, Forge  
  62  6:38  Forge  
  62  6:40  Pylon  
  62  6:43  Pylon  
  62  6:44  Blink  
  62  6:50  Colossus (Chrono Boost)  
  68  7:02  Dark Templar x2  
  68  7:03  Dark Templar  
  74  7:11  Zealot x4  
  82  7:21  Protoss Ground Weapons Level 1 (Chrono Boost), Protoss Ground Armor Level 1 (Chrono Boost)  
  82  7:23  Pylon  
  82  7:24  Pylon  
  82  7:32  Stalker  
  75  8:29  Zealot x4  
  75  8:30  Zealot x4  
  75  8:31  Zealot  
  77  9:03  Zealot x6  
  77  9:04  Zealot x3  
  77  9:07  Colossus (Chrono Boost)  
  101  9:25  Protoss Ground Weapons Level 2 (Chrono Boost)  
  101  9:26  Protoss Ground Armor Level 2 (Chrono Boost)  
  101  9:33  Nexus  
  101  9:35  Assimilator  
  101  9:40  Assimilator  
  101  9:42  Pylon  
  67  10:08  Probe x2  
  67  10:10  Dark Templar x5  
  73  10:18  Archon x2  
  73  10:20  Probe  
  68  10:39  Stalker x4  
  76  10:45  Stalker x2  
  76  11:01  Stalker x3  
  82  11:20  Pylon  
  82  11:25  Pylon  
  76  11:43  Dark Templar x5  
  84  11:47  Zealot x3  
  84  11:48  Zealot  
  86  12:03  Archon  
  86  12:04  Archon  
  78  12:08  Stalker x2  
  78  12:09  Stalker x2  
  78  12:13  Probe x3  
  81  12:25  Probe x2  
Show
View Real Time Build Order
Export as new Build Order

Massa Terran 

Build Orders: Gas First Reaper Expand 

Get SALT Encoding   

  12  0:00  SCV  
  13  0:12  SCV  
  14  0:23  Supply Depot  
  14  0:24  SCV  
  15  0:31  Refinery  
  15  0:45  SCV  
  15  0:46  Barracks  
  16  0:57  SCV  
  17  1:09  SCV  
  18  1:21  SCV  
  19  1:35  Orbital Command  
  19  1:36  Reaper  
  20  1:45  Command Center  
  20  2:03  SCV, Factory  
  21  2:11  Supply Depot  
  21  2:12  Marine  
  21  2:15  SCV  
  23  2:33  SCV  
  24  2:39  Barracks Reactor  
  23  2:47  Widow Mine  
  25  2:54  SCV  
  25  2:57  Refinery  
  26  3:00  Starport  
  26  3:06  SCV  
  26  3:07  Orbital Command  
  26  3:08  Widow Mine  
  29  3:18  SCV  
  30  3:29  Supply Depot  
  30  3:30  SCV  
  30  3:33  SCV  
  32  3:38  Barracks  
  32  3:40  Medivac  
  34  3:42  SCV  
  34  3:43  Factory Tech Lab  
  34  3:45  SCV  
  36  3:50  Engineering Bay  
  36  3:52  Supply Depot  
  36  3:54  Supply Depot  
  36  3:56  Supply Depot  
  36  3:57  Marine x2  
  36  4:00  SCV x2  
  40  4:12  SCV  
  40  4:14  Marine x2  
  40  4:16  Siege Tank  
  46  4:27  SCV  
  46  4:28  SCV  
  48  4:32  Marine x2  
  50  4:39  SCV, Missile Turret  
  50  4:40  SCV  
  50  4:42  Missile Turret  
  52  4:52  SCV x2  
  54  4:53  Marine x2, Siege Tank  
  57  5:11  Marine x2  
  59  5:29  Marine  
  59  5:31  Refinery  
  59  5:33  Barracks Tech Lab  
  60  5:36  Liberator  
  60  5:42  Command Center  
  42  5:56  Stimpack  
  39  6:06  SCV x2  
  39  6:10  Marauder, Marine x2  
  45  6:16  Missile Turret  
  45  6:18  SCV  
  45  6:19  SCV  
  47  6:28  Marine x2  
  47  6:30  Missile Turret  
  47  6:31  SCV x2, Marauder  
  53  6:45  SCV x2, Marine x2  
  57  6:51  Missile Turret  
  57  6:57  SCV x2, Marauder  
  61  7:03  Marine x2  
  63  7:09  SCV x2  
  63  7:13  Missile Turret  
  65  7:17  Refinery  
  65  7:18  Marine  
  65  7:21  Marine x2  
  68  7:31  SCV x2  
  68  7:35  Marine  
  71  7:39  Marine x2  
  71  7:43  SCV x2  
  75  7:55  SCV  
  73  8:19  Orbital Command  
  73  8:21  Missile Turret, Combat Shield  
  73  8:22  Missile Turret  
  73  8:24  SCV x2  
  75  8:32  Marauder, Terran Infantry Weapons Level 1  
  75  8:33  Marine x2  
  79  8:36  SCV x2  
  81  8:42  Missile Turret  
  81  8:43  Missile Turret  
  81  8:48  SCV x2  
  82  8:51  Marine x2  
  82  8:54  Marauder  
  86  9:00  SCV x2  
  88  9:08  Marine  
  88  9:09  Marine  
  90  9:12  SCV x2  
  92  9:25  SCV  
  93  9:36  SCV, Orbital Command  
  93  9:37  Marine  
  93  9:38  SCV  
  93  9:39  Marine  
  93  9:40  Marauder, Supply Depot x2  
  93  9:41  Supply Depot  
  86  9:48  SCV  
  86  9:50  SCV  
  87  9:53  Siege Tank  
  87  9:55  Marine  
  87  9:57  Marine  
  77  10:00  SCV  
  77  10:01  Marauder  
  77  10:02  SCV  
  77  10:03  Supply Depot x2  
  77  10:06  Supply Depot  
  68  10:12  SCV  
  68  10:13  Marine  
  63  10:14  SCV, Marine  
  63  10:19  Liberator  
  63  10:22  Marauder  
  63  10:24  SCV  
  63  10:26  Siege Tank  
  66  10:28  Concussive Shells  
  66  10:30  Marine  
  66  10:32  Marine  
  55  10:44  Marauder  
  53  10:55  SCV x3  
  55  11:00  Missile Turret x2  
  55  11:01  Liberator  
  55  11:02  Missile Turret  
  56  11:04  Barracks  
  56  11:05  Marauder  
  56  11:07  SCV  
  56  11:08  SCV x2, Barracks  
  61  11:11  Marine  
  61  11:12  Marine  
  62  11:19  SCV  
  62  11:20  SCV  
  60  11:26  Marauder  
  60  11:29  Marine  
  60  11:30  Marine  
  60  11:31  SCV  
  60  11:32  SCV  
  46  11:47  Marine x2  
  46  11:48  Marauder  
  47  12:05  Marine x2  
  49  12:09  Marauder  
Show
View Real Time Build Order
Export as new Build Order

qqq Zerg 

Build Orders: Hatch First 

Get SALT Encoding   

  12  0:00  Drone  
  13  0:08  Drone  
  14  0:36  Hatchery  
  13  0:45  Drone  
  14  0:58  Spawning Pool  
  13  1:04  Overlord  
  13  1:09  Drone  
  14  1:12  Extractor  
  14  1:17  Drone  
  14  1:26  Drone  
  15  1:38  Drone x2  
  17  1:53  Drone  
  17  1:54  Queen  
  18  1:59  Queen  
  22  2:03  Drone  
  22  2:06  Drone  
  24  2:14  Zergling x4  
  26  2:19  Overlord  
  26  2:27  Drone  
  27  2:31  Drone  
  28  2:39  Drone  
  28  2:41  Drone  
  30  2:46  Zergling x2  
  30  2:48  Zergling x2  
  32  3:00  Zergling x2  
  32  3:03  Zergling x2  
  34  3:07  Zergling x4  
  34  3:11  Overlord  
  36  3:15  Hatchery  
  36  3:19  Drone, Overlord  
  36  3:24  Metabolic Boost  
  36  3:40  Zergling x4  
  36  3:41  Overlord  
  38  3:42  Drone, Zergling x2  
  38  3:43  Zergling x2  
  41  3:50  Baneling Nest  
  41  3:51  Drone  
  41  3:54  Zergling x2  
  42  3:56  Zergling x2  
  42  3:58  Drone  
  42  4:01  Zergling x2  
  45  4:07  Zergling x2  
  45  4:09  Zergling x2  
  47  4:10  Drone  
  48  4:20  Zergling x4  
  50  4:32  Zergling x6  
  50  4:33  Drone, Zergling x6  
  57  4:43  Drone  
  58  5:02  Zergling x4  
  58  5:03  Drone, Zergling x6  
  61  5:16  Zergling x6  
  61  5:17  Zergling x6  
  61  5:18  Zergling x2  
  64  5:29  Zergling x2  
  64  5:46  Lair  
  64  5:47  Spore Crawler  
  64  5:49  Spore Crawler  
  59  6:03  Zergling x4  
  59  6:04  Drone x2, Zergling x2  
  58  6:05  Drone x7  
  63  6:11  Roach Warren  
  62  6:19  Drone x2  
  62  6:20  Drone, Zergling x2  
  62  6:24  Overlord  
  66  6:26  Hatchery  
  66  6:28  Pneumatized Carapace  
  65  6:33  Drone  
  65  6:35  Overlord  
  65  6:37  Hatchery, Extractor, Drone  
  65  6:38  Drone  
  66  6:40  Overlord  
  66  6:44  Drone x2, Extractor  
  66  6:46  Drone  
  68  6:49  Drone  
  68  6:50  Drone  
  70  6:58  Roach  
  70  7:01  Glial Reconstitution  
  72  7:03  Roach x3  
  72  7:05  Roach  
  80  7:09  Roach  
  80  7:11  Drone x2  
  84  7:18  Overlord x2  
  84  7:19  Overlord  
  84  7:30  Overlord  
  84  7:36  Drone  
  84  7:37  Drone x5  
  87  7:38  Spire  
  89  7:44  Roach x2  
  89  7:45  Drone, Roach  
  96  7:51  Extractor  
  96  7:58  Queen  
  97  8:08  Roach x2  
  97  8:10  Roach x6  
  97  8:11  Roach  
  97  8:27  Roach  
  97  8:28  Roach x4  
  97  8:29  Roach x2  
  97  8:33  Queen  
  97  8:40  Drone x6  
  97  8:41  Drone x3, Roach  
  100  8:54  Overseer  
  98  9:02  Mutalisk x2, Evolution Chamber x2  
  97  9:05  Drone x2  
  97  9:08  Extractor  
  97  9:09  Extractor  
  100  9:12  Drone  
  100  9:13  Zergling x2  
  100  9:15  Mutalisk  
  104  9:17  Drone  
  104  9:19  Hatchery  
  104  9:29  Hatchery, Drone  
  104  9:32  Mutalisk, Roach x2  
  104  9:34  Mutalisk  
  112  9:40  Roach  
  114  9:52  Mutalisk  
  114  9:54  Overlord x3  
  114  9:55  Overlord x4  
  114  9:56  Drone  
  82  10:15  Mutalisk x3, Roach  
  82  10:17  Roach x4  
  79  10:28  Drone  
  79  10:29  Drone x2  
  79  10:32  Mutalisk, Roach  
  86  10:39  Drone x5  
  89  10:43  Spine Crawler  
  88  10:59  Drone x3  
  88  11:00  Drone x6  
  97  11:05  Drone  
  97  11:08  Spore Crawler  
  97  11:09  Spine Crawler  
  97  11:10  Mutalisk  
  84  11:29  Roach  
  84  11:30  Roach x6  
  84  11:31  Drone x3  
  84  11:32  Roach x2  
  99  11:44  Mutalisk x2  
  99  11:45  Mutalisk x2  
  106  11:51  Drone x3  
  99  11:58  Mutalisk x3  
  99  12:00  Roach  
  100  12:19  Overseer  
Tags
 
Add a new tag
Caveats
  • Supply blocks, unpowered buildings, or Contaminate may cause inaccurate times.
  • Supply counts are checked every 10 seconds.